 Dungeon Crawl Stone Soup version 0.28-a0-983-g1de4e0787c (webtiles) character file.

Game seed: 2124493612733262634

16 sanka the Chopper (level 2, -2/25 HPs)
             Began as a Palentonga Abyssal Knight on Dec 2, 2021.
             Was a Follower of Lugonu.
             Slain by a gnoll (4 damage)
             ... on level 1 of the Dungeon.
             The game lasted 00:01:30 (344 turns).

sanka the Chopper (Palentonga Abyssal Knight)        Turns: 344, Time: 00:01:30

Health: -2/25      AC:  4    Str: 16    XL:     2   Next: 37%
Magic:  3/3        EV:  9    Int: 10    God:    Lugonu [*.....]
Gold:   38         SH:  0    Dex: 10    Spells: 1/1 levels left

rFire   . . .      SeeInvis +   a - +1 hand axe
rCold   . . .      Faith    .   (no shield)
rNeg    . . .      Spirit   .   b - +0 leather armour
rPois   .          Reflect  .   (no helmet)
rElec   .          Harm     .   (no cloak)
rCorr   .          Rampage  .   (no gloves)
Will    .....                   (no barding)
Stlth   +.........              (no amulet)
HPRegen 0.08/turn               (no ring)
MPRegen 0.08/turn               (no ring)

@: no status effects
A: large, rugged brown scales 3, see invisible, deformed body, roll 1, armoured
tail
a: Rolling Charge, Renounce Religion, Depart the Abyss


You were on level 1 of the Dungeon.
You worshipped Lugonu.
Lugonu was aware of your devotion.
You visited 1 branch of the dungeon, and saw 1 of its levels.
You visited the Abyss 1 time.

You collected 38 gold pieces.


Innate Abilities, Weirdness & Mutations

You are completely covered in rugged brown scales. (AC +3, +7% HP)
You have supernaturally acute eyesight. (SInv)
Armour fits poorly on your strangely shaped body.
You can roll at nearby foes to attack.
You have a long armoured tail.


   Skills:
 - Level 3.0 Fighting
 + Level 3.1 Axes
 - Level 1.5 Armour
 - Level 0.7 Dodging
 - Level 2.0 Invocations


You had one spell level left.
You didn't know any spells.
Your spell library was empty.

Inventory:

Hand Weapons
 a - a +1 hand axe (weapon)
Armour
 b - a +0 leather armour (worn)
Scrolls
 d - a scroll of enchant armour {unknown}
Potions
 c - a potion of curing {unknown}

Dungeon Overview and Level Annotations

Branches:
Dungeon (1/15)

Altars:

▒.▒▒▒.▒ ▒▒
▒.▒ ▒.▒ ▒.▒
▒.▒ ▒.▒▒▒
▒.....!...▒
▒.▒▒▒▒▒.▒.▒
▒.▒H▒▒▒▒▒▒.▒
▒.▒..g......
▒..........▒
▒▒▒▒▒▒▒▒▒▒▒▒


You could see a gnoll.


Message History

You barely miss the rat. The rat closely misses you.
You hit the rat.
You kill the rat!
Lugonu accepts your kill.
The gnoll hits you from afar with a +0 spear.
Unknown command.
Use which ability? (? or * to list) Roll where?
Aim: a gnoll, wielding a +0 spear You roll forward with a clatter of scales!
You barely miss the gnoll.
You hear a shout!
The gnoll hits you with a +0 spear.
Unknown command.
The gnoll hits you from afar with a +0 spear.
Use which ability? (? or * to list) Roll where?
Aim: a gnoll, wielding a +0 spear You roll forward with a clatter of scales!
You barely miss the gnoll. The gnoll hits you with a +0 spear!
* * * LOW HITPOINT WARNING * * *
You hit the gnoll.
Your tail-slap misses the gnoll.
The gnoll is moderately wounded.
The gnoll hits you with a +0 spear!
* * * LOW HITPOINT WARNING * * *
The gnoll hits you from afar with a +0 spear.
You die...

Action                   || total
-------------------------++-------
Melee: Hand axe          ||    33
       Tailslap          ||     1
 Abil: Rolling Charge    ||    11
Armor: Leather armour    ||     9
Dodge: Dodged            ||    11

Levels and vault maps discovered:
D:1:      shiori_arrival_whats_in_store_for_you, layout_loops_ring,
          ebering_ecumenical_altar_petrified

Notes
Turn   | Place    | Note
-------+----------+-------------------------------------------
     0 | Abyss:1  | sanka the Palentonga Abyssal Knight began the quest for the
                  | Orb.
     0 | Abyss:1  | Reached XP level 1. HP: 19/19 MP: 2/2
    29 | D:1      | Escaped the Abyss
    29 | D:1      | Noticed a large abomination
    31 | D:1      | Noticed a tentacled monstrosity
    31 | D:1      | Noticed a tentacled monstrosity
    33 | D:1      | Noticed a purple draconian
    35 | D:1      | Noticed a large abomination
    36 | D:1      | Noticed a large abomination
    37 | D:1      | Noticed an iron dragon
    40 | D:1      | Noticed an iron dragon
    42 | D:1      | Noticed an orb of fire
    44 | D:1      | Noticed an iron dragon
    44 | D:1      | Noticed a green draconian
    47 | D:1      | Noticed an iron dragon
    51 | D:1      | Noticed an orb of fire
   159 | D:1      | Reached XP level 2. HP: 25/25 MP: 3/3
   235 | D:1      | Reached skill level 3 in Axes
   343 | D:1      | HP: 1/25 [gnoll (7)]
   344 | D:1      | Slain by a gnoll

Vanquished Creatures
  2 ball pythons (D:1)
  A bat (D:1)
  3 giant cockroaches (D:1)
  2 goblins (D:1)
  A hobgoblin (D:1)
  2 quokkas (D:1)
  A frilled lizard (D:1)
  A rat (D:1)
13 creatures vanquished.
